 Dungeon Crawl Stone Soup version 0.25-a0-448-g1f46b9f714 (webtiles) character file.

Game seed: 15370726843261785605, levelgen mode: deterministic

711 kae the Changer (level 7, -9/52 HPs)
             Began as a Yellow Draconian Transmuter on Jan 31, 2020.
             Killed by nerve-wracking pain
             ... invoked by an orc priest
              (10 damage)
             ... on level 5 of the Dungeon.
             The game lasted 00:04:22 (5657 turns).

kae the Changer (Yellow Draconian Transmuter)       Turns: 5657, Time: 00:04:23

Health: -9/52      AC:  7    Str: 11 (12) XL:     7   Next: 40%
Magic:  10/10      EV: 12    Int: 12 (13) God:
Gold:   100        SH:  0    Dex: 11 (14) Spells: 4/10 levels left

rFire    . . .     SeeInvis .     - Unarmed
rCold    . . .     Gourm    .   (no shield)
rNeg     . . .     Faith    .   (armour unavailable)
rPois    .         Spirit   .   (helmet restricted)
rElec    .         Reflect  .   b - +0 cloak
rCorr    +         Harm     .   (no gloves)
MR       .....                  (no boots)
Stlth    +.........             (no amulet)
HPRegen  0.17/turn              (no ring)
MPRegen  0.12/turn              (no ring)

@: short of breath
A: spit acid, unfitting armour, cold-blooded, acid resistance, AC +6
a: Breathe Acid


You were on level 5 of the Dungeon.
You were not hungry.

You visited 1 branch of the dungeon, and saw 5 of its levels.

You collected 100 gold pieces.

Inventory:

Missiles
 a - 29 arrows
Armour
 b - a +0 cloak (worn)
Wands
 o - a wand of digging (6)
Scrolls
 d - 2 scrolls of immolation {unknown}
 f - 3 scrolls of remove curse {unknown}
 g - 3 scrolls of enchant weapon {unknown}
 h - 2 scrolls of fog {unknown}
 i - 2 scrolls of teleportation {unknown}
 j - 4 scrolls of amnesia {unknown}
 l - 3 scrolls of identify {unknown}
 m - a scroll of magic mapping {unknown}
 u - a scroll of random uselessness {unknown}
Potions
 n - a potion of brilliance {unknown}
 p - a potion of agility {unknown}
 r - a potion of magic {unknown}
 s - a potion of mutation {unknown}
 t - 2 potions of lignification {unknown}
Comestibles
 c - 8 rations
 q - 3 chunks of flesh


   Skills:
 - Level 1.1 Fighting
 - Level 1.7 Dodging
 + Level 5.5 Unarmed Combat
 - Level 2.0 Spellcasting
 * Level 7.0 Transmutations


You had 4 spell levels left.
You knew the following spells:

 Your Spells              Type           Power        Failure   Level  Hunger
a - Beastly Appendage     Tmut           ###...       1%          1    ##.....
b - Sticks to Snakes      Tmut           ###.....     2%          2    ###....
c - Spider Form           Tmut/Pois      #.........   19%         3    ####...

Your spell library contained the following spells:

 Spells                   Type           Power        Failure   Level  Hunger
 Ice Form                 Ice/Tmut       #.......     54%         4    #####..
 Blade Hands              Tmut           ###.......   38%         5    ######.


Dungeon Overview and Level Annotations

Branches:
Dungeon (5/15)
 Temple: D:4-7

Altars:
Fedhas
Hepliaklqana
Sif Muna
Vehumet
Zin


Innate Abilities, Weirdness & Mutations

You can spit globs of acid.
Your golden yellow scales are hard. (AC +6)
You cannot fit into any form of body armour.
You are cold-blooded and may be slowed by cold attacks.
You are resistant to acid. (rCorr)


Message History

The orc priest hits you but does no damage.
Press: ? - help, Shift-Dir - straight line, f/p - orc priest
Aim: an orc priest, wielding a +0 short sword and wearing a +0 chain mail (severely wounded)
You spit a glob of acid.
The glob of acid misses the orc priest.
You feel somewhat more hungry.
You hear a shout! x2
The orc priest calls down the wrath of Beogh upon you.
Beogh smites you!
* * * LOW HITPOINT WARNING * * *
It was a potion of degeneration.
There was something very wrong with that liquid.
You feel weakened.
You feel dopey.
You feel clumsy. The orc priest completely misses you.
It was a potion of cancellation.
Your magical effects are unravelling.
You feel magically purged.
Your talons disappear.
The orc priest calls down the wrath of Beogh upon you.
Pain shoots through your body!
You die...

.....^.......###
..####..............
................#
#รท........#
#.).......#
#..<......#
#.........#
#....)....#
#@........#
#o#########
.o..?...# #########


You could see an orc priest.

Vanquished Creatures
  A phantom (D:4)
  An ogre (D:4)
  A wyvern skeleton (D:4)
  A howler monkey (D:4)
  A hound (D:4)
  3 orc wizards (D:4)
  2 iguanas (D:4)
  2 worker ants (D:4)
  A killer bee zombie (D:4)
  A worker ant zombie (D:5)
  11 gnolls
  3 adders
  A worm (D:3)
  2 leopard geckos (D:2)
  7 orcs
  5 giant cockroaches
  9 goblins
  12 hobgoblins
  5 jackals (D:2)
  8 kobolds
  2 quokkas (D:3)
  2 ball pythons
  3 bats (D:1)
  A frilled lizard (D:2)
  12 rats
97 creatures vanquished.

Vanquished Creatures (others)
  An orc wizard (D:4)
1 creature vanquished.

Grand Total: 98 creatures vanquished

Notes
Turn   | Place    | Note
-------+----------+-------------------------------------------
     0 | D:1      | kae the Draconian Transmuter began the quest for the Orb.
     0 | D:1      | Reached XP level 1. HP: 16/16 MP: 3/3
   140 | D:1      | Reached XP level 2. HP: 21/23 MP: 3/5
   800 | D:2      | Reached skill level 3 in Transmutations
  1052 | D:2      | Reached XP level 3. HP: 28/28 MP: 6/6
  1239 | D:2      | Found a blossoming altar of Fedhas.
  1377 | D:2      | HP: 1/28 [gnoll/+0 spear (8)]
  1378 | D:2      | Reached XP level 4. HP: 1/35 MP: 7/7
  2012 | D:2      | Reached skill level 4 in Transmutations
  2305 | D:2      | Found a shimmering blue altar of Sif Muna.
  2439 | D:3      | Found a radiant altar of Vehumet.
  2589 | D:3      | Found a glowing silver altar of Zin.
  3579 | D:4      | Reached XP level 5. HP: 15/40 MP: 6/8
  3810 | D:4      | Found a hazy altar of Hepliaklqana.
  3883 | D:4      | Learned a level 2 spell: Sticks to Snakes
  3887 | D:4      | Learned a level 3 spell: Spider Form
  3916 | D:4      | Reached skill level 5 in Transmutations
  4091 | D:4      | Noticed an ogre
  4107 | D:4      | Killed an ogre
  4107 | D:4      | Reached XP level 6. HP: 47/47 MP: 4/9
  4469 | D:4      | Reached skill level 5 in Unarmed Combat
  4469 | D:4      | Reached skill level 6 in Transmutations
  4829 | D:4      | Your scales start taking on a golden yellow colour.
  4829 | D:4      | Reached XP level 7. HP: 15/52 MP: 7/10
  4829 | D:4      | Gained mutation: You are resistant to acid. (rCorr) [Yellow
                  | Draconian growth]
  5379 | D:5      | Entered Level 5 of the Dungeon
  5598 | D:5      | Reached skill level 7 in Transmutations
  5655 | D:5      | HP: 1/52 [orc priest/divine providence (10)]
  5657 | D:5      | Killed from afar by an orc priest

Levels and vault maps discovered:
D:1:      lemuel_arrival_room, layout_basic
D:2:      minmay_recursive_quarters, layout_loops_corners,
          lemuel_blue_sif_altar, fedhas_altar_2, first_ration
D:3:      layout_basic, zin_scriptorium, vehumet_crystals, minmay_goblin_outpost
D:4:      layout_loops_cross, overflow_temple_1_default
D:5:      layout_rooms, serial_shops, shop, chequers_big_river,
          minmay_misc_feat_enclosed

Skill      XL: |  1  2  3  4  5  6  7 |
---------------+----------------------+-----
Transmutations | 3 4 5 6 7 |  7.0
Unarmed Combat | 4 5 |  5.5
Fighting       | |  1.1
Dodging        | |  1.7
Spellcasting   | |  2.0

Action                   |  1- 3 |  4- 6 |  7- 9 || total
-------------------------+-------+-------+-------++-------
Melee: Unarmed           |   125 |   228 |    69 ||   422
       Kick              |     6 |     9 |    11 ||    26
       Tailslap          |    11 |    11 |     8 ||    30
       Headbutt          |     2 |    11 |     2 ||    15
       Punch             |     1 |     6 |     2 ||     9
 Cast: Beastly Appendage |    14 |    21 |     4 ||    39
       Spider Form       |       |     4 |     1 ||     5
       Sticks to Snakes  |       |     4 |       ||     4
 Abil: Breathe Acid      |       |       |     7 ||     7
  Use: Scroll            |       |     1 |       ||     1
       Potion            |       |       |     2 ||     2
 Stab: Sleeping          |     2 |       |       ||     2
  Eat: Chunk             |     2 |    12 |     1 ||    15
       Ration            |       |       |     1 ||     1
Armor: Skin              |    30 |    53 |    27 ||   110
Dodge: Dodged            |    99 |   155 |    48 ||   302

Table legend:
 A = Non-vault XP
 B = Vault XP
 C = Vault XP percentage of total XP
 D = Non-vault monster count
 E = Vault monster count
 F = Vault count percentage of total count
                 A         B        C        D         E       F
            +---------+---------+-------+---------+---------+-------
      Total |     999 |      17 |   1.7 |      89 |       9 |   9.2
            +---------+---------+-------+---------+---------+-------
        D:1 |      28 |       0 |   0.0 |      19 |       0 |   0.0
        D:2 |     104 |       6 |   5.5 |      25 |       3 |  10.7
        D:3 |      43 |      11 |  20.4 |      17 |       6 |  26.1
        D:4 |     763 |       0 |   0.0 |      23 |       0 |   0.0
        D:5 |      61 |       0 |   0.0 |       5 |       0 |   0.0
            +---------+---------+-------+---------+---------+-------
